[Event "22nd Hoogeveen Open 2018"]
[Site "Hoogeveen"]
[Date "2018.10.27"]
[Round "9"]
[White "Verhoef, Pieter"]
[Black "Hulshof, Peter"]
[Result "1-0"]
[ECO "B15"]
[WhiteElo "2058"]
[BlackElo "2168"]
[Annotator "NA"]
[PlyCount "61"]
[EventDate "2018.10.20"]
[EventType "swiss"]
[EventCountry "NED"]
[SourceTitle "playchess.com"]
[Source "ChessBase"]
[SourceQuality "1"]
[TimeControl "40/5400+30:1800+30"]

1. e4 g6 2. d4 Bg7 3. Nc3 c6 4. Nf3 d5 5. h3 Nf6 6. Bd3 {[%emt 0:00:01] LiveBook: 304 Games} (6. e5 $5 Ne4 7. Nxe4 dxe4 8. Ng5 $14) 6... dxe4 7. Nxe4 Nxe4 8. Bxe4 O-O 9. O-O Nd7 10. c3 c5 11. Be3 Nf6 {[%emt 0:04:22] B15: Caro-Kann: 3 Nc3: 3...g6 and 3...dxe4 4 Nxe4 Nf6 5 Nxf6+ exf6} (11... cxd4 12. Nxd4 a6 13. Qe2 Qc7 14. Rfd1 Nf6 15. Bc2 b6 16. Nf3 e5 17. Bb3 Bb7 18. Qc4 Qxc4 19. Bxc4 {1-0 (37) Chuprikov,D (2328)-Olenin,N (2346) Lipetsk 2017}) 12. Bc2 cxd4 13. Bxd4 b6 14. Qe2 Bb7 15. Rad1 Qc8 $146 ({Predecessor:} 15... Qc7 16. Rfe1 e6 17. Be5 Qc8 18. Rd4 Rd8 19. Red1 Rxd4 20. Rxd4 {0-1 (41) Fransson,P (2121)-Malekian,B (2219) Sweden 2016}) 16. Rfe1 e6 17. Rd2 Qc6 18. Qf1 Qc8 19. Ng5 Rd8 20. Red1 h6 21. Bxf6 Rxd2 22. Rxd2 Bxf6 23. Nxf7 Kxf7 24. Qd3 Qe8 25. Qxg6+ Ke7 26. Qh7+ Kf8 27. Rd7 $18 Qxd7 28. Qxd7 Bd5 29. Qd6+ Kf7 30. Qc7+ Kf8 31. Bg6 1-0

[Event "22nd Hoogeveen Open 2018"]
[Site "Hoogeveen"]
[Date "2018.10.27"]
[Round "9"]
[White "Biermann, Florian"]
[Black "Den Hartog, Marijn"]
[Result "1/2-1/2"]
[ECO "A24"]
[WhiteElo "2024"]
[BlackElo "2296"]
[Annotator "NA"]
[PlyCount "118"]
[EventDate "2018.10.20"]
[EventType "swiss"]
[EventCountry "NED"]
[SourceTitle "playchess.com"]
[Source "ChessBase"]
[SourceQuality "1"]
[TimeControl "40/5400+30:1800+30"]

1. c4 e5 2. g3 Nf6 3. Bg2 d6 4. Nc3 g6 5. d3 Bg7 6. e4 O-O 7. Nge2 c6 8. O-O a6 9. h3 b5 {[%emt 0:00:58] A24: English Opening vs King's Indian: Lines without ...Nc6} 10. Be3 Nbd7 11. Qd2 Bb7 {[%emt 0:03:21] LiveBook: 6 Games} (11... Rb8 12. b3 b4 13. Na4 c5 14. Rae1 Ne8 15. f4 exf4 16. gxf4 f5 17. exf5 Rxf5 {½-½ (58) Wang,Y (2723)-Kamsky,G (2721) Beijing 2013}) 12. Rfc1 $146 (12. b4 $14) ({Predecessor:} 12. Rae1 d5 13. exd5 cxd5 14. Bg5 Qb6 15. Nxd5 Nxd5 16. cxd5 f5 17. Qb4 {0-1 (54) Nguyen,P (2410)-Chigaev,M (2582) Benasque 2018}) 12... Re8 13. b4 Qe7 14. a4 bxa4 15. Rxa4 c5 16. Rb1 Reb8 17. bxc5 Nxc5 18. Bxc5 dxc5 19. Qa2 Bc8 20. Nd5 Qd6 21. Ra3 Rxb1+ 22. Qxb1 Rb8 23. Rb3 Rxb3 24. Qxb3 Nd7 25. Nec3 $14 Bf8 26. h4 Nb8 27. Bf3 Nc6 28. Qd1 h5 29. g4 hxg4 30. Bxg4 f5 31. Bh3 Qd8 32. h5 Qg5+ 33. Kh2 Nd4 34. hxg6 fxe4 35. Nxe4 Qh4 36. Ndf6+ Kg7 37. Qh5 Qxh3+ 38. Qxh3 Bxh3 39. Kxh3 Kxg6 40. Nd7 Be7 41. Ndxc5 a5 42. Kg4 Nc6 43. f4 exf4 44. Kxf4 Bf8 45. Na4 Bh6+ 46. Kf3 Kf5 47. Nd6+ Ke6 48. Nb5 Ke5 49. Ke2 Bg5 50. Kd1 Be3 51. Kc2 Nb4+ 52. Kc3 Na2+ 53. Kb3 Nb4 54. Nb2 Bf2 55. Ka4 Bb6 56. d4+ Bxd4 57. Nxd4 Kxd4 58. Kxa5 Nd3 59. Nxd3 Kxc4 1/2-1/2

[Event "22nd Hoogeveen Open 2018"]
[Site "Hoogeveen"]
[Date "2018.10.27"]
[Round "9"]
[White "Minko, Dmitry"]
[Black "Li, Henry"]
[Result "1/2-1/2"]
[ECO "C47"]
[WhiteElo "2011"]
[BlackElo "2207"]
[Annotator "NA"]
[PlyCount "53"]
[EventDate "2018.10.20"]
[EventType "swiss"]
[EventCountry "NED"]
[SourceTitle "playchess.com"]
[Source "ChessBase"]
[SourceQuality "1"]
[TimeControl "40/5400+30:1800+30"]

1. e4 e5 2. Nf3 Nc6 3. d4 exd4 4. Nxd4 Nf6 5. Nc3 Bb4 6. Nxc6 bxc6 7. Bd3 d5 8. exd5 O-O 9. O-O cxd5 10. Bg5 c6 11. Qf3 ({Much worse is} 11. Bxf6 Qxf6 12. Ne2 Bd6 $17) 11... h6 12. Bxf6 Qxf6 13. Qxf6 gxf6 14. Ne2 Re8 {[%emt 0:10:41] LiveBook: 20 Games C47: Scotch Four Knights and Four Knights with 4 g3} (14... Bd6 15. Nd4 c5 16. Nf5 Bxf5 17. Bxf5 Be5 18. Rad1 Bxb2 19. Rxd5 Bd4 20. c3 Bxc3 21. Rxc5 Bd4 22. Rc4 Rfd8 23. Rfc1 Bb6 24. Rc8 Raxc8 25. Rxc8 Rxc8 26. Bxc8 {½-½ (26) Ganguly,S (2650)-Harikrishna,P (2744) Riadh 2017}) 15. c3 Bf8 16. Nd4 $146 ({Predecessor:} 16. Ng3 Re5 17. Rfe1 Bd7 18. f4 Ree8 19. Nh5 Be7 20. f5 Kf8 21. Kh1 Bd8 22. Rxe8+ Bxe8 {0-1 (57) Richterova,N (2186)-Sieber,F (2268) Germany 2017}) 16... c5 17. Nb5 Rb8 18. b3 Rb7 19. c4 d4 20. Rfe1 Re6 21. f4 Rbe7 22. Kf2 a6 23. Rxe6 fxe6 24. Nd6 Bd7 25. f5 exf5 26. Nxf5 Re5 $11 27. g4 1/2-1/2

[Event "22nd Hoogeveen Open 2018"]
[Site "Hoogeveen"]
[Date "2018.10.27"]
[Round "9"]
[White "Klaren, Duncan"]
[Black "Wedda, Dries"]
[Result "0-1"]
[ECO "B93"]
[WhiteElo "1950"]
[BlackElo "2216"]
[Annotator "NA"]
[PlyCount "134"]
[EventDate "2018.10.20"]
[EventType "swiss"]
[EventCountry "NED"]
[SourceTitle "playchess.com"]
[Source "ChessBase"]
[SourceQuality "1"]
[TimeControl "40/5400+30:1800+30"]

1. e4 c5 2. Nf3 d6 3. d4 cxd4 4. Nxd4 Nf6 5. Nc3 a6 6. f4 e5 7. Nf3 Nbd7 8. a4 Be7 9. Bd3 O-O 10. O-O exf4 11. Bxf4 Qc7 12. Kh1 Ne5 {[%emt 0:03:57] LiveBook: 53 Games} 13. Bg5 Be6 14. Nd4 Nfg4 15. Bxe7 Qxe7 16. Qe1 Qg5 17. Qg3 Nxd3 18. cxd3 Qe5 19. Qxe5 dxe5 20. Nxe6 fxe6 21. Kg1 Rad8 22. Rf3 Rxf3 23. gxf3 Ne3 24. Kf2 Nc2 25. Rd1 h6 26. Ne2 g5 27. Rd2 Nd4 28. Nxd4 Rxd4 29. Ke3 (29. a5 $11 {remains equal.}) 29... Rb4 30. Rc2 Kf7 31. Rc7+ Kf6 $11 32. Rh7 Kg6 33. Re7 Kf6 34. Rh7 Rxb2 35. Rxh6+ Ke7 36. Rg6 Rxh2 37. Rg7+ Kf6 38. Rxb7 Ra2 39. Rb4 Kf7 40. Rb7+ Kf6 41. Rb4 a5 42. Rc4 Ke7 43. Rc7+ Kd6 44. Rc4 Rb2 45. Rc3 Rb4 46. Ra3 Ke7 47. Ra1 Kd6 48. Ra3 Rb1 49. Rc3 Ra1 50. Rc4 Ra2 51. d4 Ra3+ 52. Ke2 exd4 53. Rxd4+ Ke5 54. Rc4 Kf4 55. e5+ Kf5 56. Re4 Rc3 57. Rg4 Rc5 58. Kd3 Rxe5 59. Rc4 Rd5+ 60. Ke3 e5 61. Rc6 Rd4 62. Rc5 Rxa4 63. Rc3 Ra1 64. Rc5 a4 65. Ra5 Ra3+ 66. Kf2 Kf4 67. Kg2 Ra2+ 0-1

[Event "22nd Hoogeveen Open 2018"]
[Site "Hoogeveen"]
[Date "2018.10.27"]
[Round "9"]
[White "Maters, Arthur"]
[Black "Kokje, Joris"]
[Result "0-1"]
[ECO "B92"]
[WhiteElo "1933"]
[BlackElo "2232"]
[Annotator "NA"]
[PlyCount "94"]
[EventDate "2018.10.20"]
[EventType "swiss"]
[EventCountry "NED"]
[SourceTitle "playchess.com"]
[Source "ChessBase"]
[SourceQuality "1"]
[TimeControl "40/5400+30:1800+30"]

1. e4 c5 2. Nf3 d6 3. d4 cxd4 4. Nxd4 Nf6 5. Nc3 a6 6. Be2 e5 7. Nf3 h6 8. Nd2 {[%emt 0:00:28] B92: Sicilian Najdorf: 6 Be2} Be6 9. Nc4 Nc6 10. Be3 (10. Ne3 Ne7 11. O-O Rc8 12. Bf3 g6 13. Qd3 Bg7 14. Rd1 Rc6 15. b3 Qc8 {1-0 (48) Vachier Lagrave,M (2789)-Korobov,A (2652) Riadh 2017}) 10... b5 $146 {[%emt 0:04:10] [#]} ({Predecessor:} 10... Be7 11. O-O O-O 12. Nb6 Rb8 13. Qd2 Qc7 14. Ncd5 Bxd5 15. Nxd5 {1-0 (28) Borodin,S (1805)-Villar,J (933) LSS email 2013}) 11. Nb6 $1 Rb8 12. Nbd5 g6 (12... Be7 $16) 13. Nxf6+ Qxf6 14. Nd5 Qd8 15. O-O Bg7 16. a4 O-O 17. c3 Ne7 {[%emt 0:09:53] [#]} ({Black should try} 17... bxa4 18. Rxa4 (18. Bxa6 Rxb2 19. Rxa4 Ne7 $14) (18. Qxa4 Bxd5 19. exd5 Ne7 $14) 18... Rxb2) 18. axb5 (18. Nb4 $1 $16) 18... Bxd5 $1 19. exd5 axb5 20. Qd2 Kh7 21. Bd3 (21. g4 $16) 21... f5 22. f3 ({White should try} 22. g3 $14) 22... Nxd5 23. Ba7 Rb7 24. Bxb5 Nb6 (24... Rxb5 $17 25. c4 Rb7 26. cxd5 Qf6) 25. Bc6 Nc4 26. Qe2 Rxa7 $1 27. Qxc4 $2 (27. Rxa7 $17 Qb6+ 28. Kh1 Qxc6 29. b3) 27... Qb6+ 28. Kh1 {[%emt 0:00:01] [#]} Rxa1 $19 29. Rxa1 Qxb2 30. Rd1 Qc2 31. Qd3 Qxd3 32. Rxd3 e4 33. Rxd6 e3 34. Re6 f4 35. Be4 Rd8 36. Bxg6+ Kg8 37. g3 Bxc3 38. gxf4 Rd1+ 39. Kg2 Rd2+ 40. Kf1 Rf2+ 41. Kg1 Bd4 42. Bd3 e2 43. Bc4 Kf8 44. Rf6+ Ke7 45. Rf7+ Ke8 46. Bxe2 Rxe2+ 47. Kf1 Rf2+ 0-1

[Event "22nd Hoogeveen Open 2018"]
[Site "Hoogeveen"]
[Date "2018.10.27"]
[Round "9"]
[White "Shakhverdian, William"]
[Black "Brands, Kevin"]
[Result "1/2-1/2"]
[ECO "D85"]
[WhiteElo "1903"]
[BlackElo "1862"]
[Annotator "NA"]
[PlyCount "72"]
[EventDate "2018.10.20"]
[EventType "swiss"]
[EventCountry "NED"]
[SourceTitle "playchess.com"]
[Source "ChessBase"]
[SourceQuality "1"]
[TimeControl "40/5400+30:1800+30"]

1. d4 Nf6 2. c4 g6 3. Nc3 d5 4. cxd5 Nxd5 5. e4 Nxc3 6. bxc3 Bg7 7. Be3 c5 8. Qd2 cxd4 {[%emt 0:00:49] LiveBook: 142 Games} 9. cxd4 Nc6 10. Rd1 O-O 11. h3 {[%emt 0:01:00] D85: Exchange Grünfeld: Unusual White 7th moves and lines with 7 Nf3} (11. Nf3 Bg4 12. Be2 Rc8 13. O-O Qa5 14. h3 Bxf3 15. Bxf3 Qxd2 16. Rxd2 Na5 17. e5 Nc4 18. Rd3 Nxe3 19. fxe3 Rc7 20. Be4 Rfc8 21. Rb3 {½-½ (29) Anand,V (2811)-Carlsen,M (2826) Moscow 2011}) 11... Qa5 12. Qxa5 Nxa5 13. Nf3 $146 ({Predecessor:} 13. Rc1 Bd7 14. Rc5 b6 15. Rc7 Rfd8 16. Nf3 Bc6 17. d5 Bb7 18. Bb5 Rac8 19. Rxe7 {0-1 (41) Vukic,A (2142)-Trbojevic,M (2361) Croatia 2015}) 13... Rd8 14. Be2 Bd7 15. O-O Rac8 16. Rc1 b5 17. d5 Nc4 18. Bxa7 Ra8 19. Bd4 Rxa2 20. Bxc4 bxc4 21. Bxg7 Kxg7 22. Rfd1 Rb8 23. Rd2 Ra4 $14 24. Rc3 Rb3 25. Rdc2 Bb5 26. Nd2 Rxc3 27. Rxc3 Ra1+ 28. Kh2 Ra2 29. Nxc4 Rxf2 30. Kg3 Ra2 31. Ne3 Ra4 32. Kf3 Ra7 33. Rc5 Bd3 34. Rc3 Bb5 35. Rb3 Rb7 36. Rc3 Ra7 1/2-1/2

[Event "22nd Hoogeveen Open 2018"]
[Site "Hoogeveen"]
[Date "2018.10.27"]
[Round "9"]
[White "Oord, Raymon"]
[Black "Emans, Job"]
[Result "1/2-1/2"]
[ECO "D37"]
[WhiteElo "1900"]
[BlackElo "1927"]
[Annotator "NA"]
[PlyCount "115"]
[EventDate "2018.10.20"]
[EventType "swiss"]
[EventCountry "NED"]
[SourceTitle "playchess.com"]
[Source "ChessBase"]
[SourceQuality "1"]
[TimeControl "40/5400+30:1800+30"]

1. c4 e6 2. Nc3 d5 3. d4 Nf6 4. e3 Be7 5. Nf3 Nbd7 {[%emt 0:00:25] LiveBook: 157 Games} 6. cxd5 exd5 7. Bd3 {[%emt 0:01:24] D37: Queen's Gambit Declined: 5 Bf4} O-O (7... c6 8. O-O O-O 9. Bd2 Re8 10. Qc2 Nf8 11. h3 Bd6 12. a3 a5 13. e4 dxe4 14. Nxe4 Nxe4 15. Bxe4 Be7 16. b4 a4 {0-1 (59) Ionescu,I (2181)-Houska,J (2383) Mamaia 2016}) 8. O-O Re8 9. b3 c6 10. Bb2 Bd6 11. Rc1 Nf8 12. Re1 Ng6 13. e4 Bf4 $146 ({Predecessor:} 13... dxe4 14. Nxe4 Nxe4 15. Rxe4 Be6 16. Qc2 Qd7 17. Rce1 Bd5 18. Rxe8+ Rxe8 19. Rxe8+ Qxe8 {0-1 (55) Jeric,T (1907)-Hrenic,M (1810) Celje 2004}) 14. Nd2 $2 {[%emt 0:13:54] [#]} (14. Rc2 $11 {and White is okay.}) 14... dxe4 $2 (14... Bxh2+ $1 $19 15. Kf1 (15. Kxh2 $2 Ng4+ 16. Kg1 Qh4 $19) 15... Nf4) 15. Ncxe4 Nd5 16. g3 Bc7 17. Qh5 Bd7 18. Nc4 b5 {[%emt 0:10:27] [#]} ({Black should try} 18... Be6 $14) 19. Ne5 $16 Bxe5 20. dxe5 Nb4 21. Bb1 Be6 22. Ng5 h6 23. Nxe6 Rxe6 24. Bf5 Qe7 25. Bxe6 Qxe6 26. Rcd1 Nd5 27. f4 Nge7 28. Qf3 Qg6 29. Bd4 h5 30. Kh1 a6 31. Bc5 Nf5 32. Bf2 Re8 33. h3 Nh6 34. Qd3 Qe6 35. Kh2 Re7 36. Qf3 g6 37. Rc1 Kh7 38. Rc5 Rc7 39. Rec1 Rc8 40. a3 Nf5 41. a4 Nfe7 42. axb5 axb5 43. Ra1 Qf5 44. Ra7 Rd8 45. Rc1 Nc8 46. Rb7 Nb4 47. g4 hxg4 48. hxg4 Rd3 49. gxf5 Rxf3 50. Bg3 gxf5 51. Rxf7+ Kg8 52. Rxf5 Ne7 53. Rg5+ Kf7 54. Ra1 Nbd5 55. Kg2 Rxb3 56. f5 Ne3+ 57. Kh2 N3xf5 58. Rf1 1/2-1/2

[Event "22nd Hoogeveen Open 2018"]
[Site "Hoogeveen"]
[Date "2018.10.27"]
[Round "9"]
[White "Kutchoukov, Daniel"]
[Black "Bleeker, Kasper"]
[Result "0-1"]
[ECO "C47"]
[WhiteElo "1882"]
[BlackElo "1891"]
[Annotator "NA"]
[PlyCount "74"]
[EventDate "2018.10.20"]
[EventType "swiss"]
[EventCountry "NED"]
[SourceTitle "playchess.com"]
[Source "ChessBase"]
[SourceQuality "1"]
[TimeControl "40/5400+30:1800+30"]

1. e4 e5 2. Nf3 Nc6 3. Nc3 Nf6 4. Be2 Be7 5. d4 exd4 6. Nxd4 O-O 7. Be3 Bb4 8. f3 d5 9. exd5 (9. Nxc6 $11 {bleibt in der Remisbreite.} bxc6 10. O-O) 9... Nxd5 10. Nxc6 bxc6 11. Bd2 Nxc3 12. Bxc3 Bxc3+ 13. bxc3 Qh4+ 14. g3 Qe7 $15 15. Kf2 Bh3 16. Bf1 Rad8 17. Qe1 Qc5+ 18. Qe3 Rd2+ 19. Be2 Qxe3+ 20. Kxe3 Rxc2 21. Bd3 Rxc3 22. Kd2 Ra3 23. Be4 Bg2 24. Rhc1 Bxf3 25. Bxf3 Rxf3 26. Rxc6 Rf2+ 27. Ke3 Rxh2 28. Rxc7 a5 29. Ra7 Rh5 30. Rb1 g6 31. a4 Re8+ 32. Kd4 Re6 33. Rbb7 Rf6 34. Rb5 Rh3 35. Raxa5 Rxg3 36. Ra8+ Kg7 37. a5 Rf4+ 0-1

[Event "22nd Hoogeveen Open 2018"]
[Site "Hoogeveen"]
[Date "2018.10.27"]
[Round "9"]
[White "Van der Hagen, Loek"]
[Black "Mijnheer, Peter"]
[Result "0-1"]
[ECO "C93"]
[WhiteElo "1820"]
[BlackElo "2092"]
[Annotator "NA"]
[PlyCount "124"]
[EventDate "2018.10.20"]
[EventType "swiss"]
[EventCountry "NED"]
[SourceTitle "playchess.com"]
[Source "ChessBase"]
[SourceQuality "1"]
[TimeControl "40/5400+30:1800+30"]

1. e4 e5 2. Nf3 Nc6 3. Bb5 a6 4. Ba4 Nf6 5. O-O Be7 6. Re1 b5 7. Bb3 d6 8. c3 O-O 9. h3 h6 10. d4 Re8 11. Nbd2 Bf8 12. Bc2 Bb7 13. d5 Ne7 14. b3 {[%emt 0:02:39] C93: Closed Ruy Lopez: Smyslov Variation} c6 {[%emt 0:00:55] LiveBook: 18 Games} 15. c4 Nc8 (15... a5 16. Nf1 a4 17. Rb1 axb3 18. axb3 Qc7 19. Ne3 bxc4 20. bxc4 Reb8 21. Bd2 Bc8 22. Rxb8 Qxb8 {1-0 (66) Leko,P (2678)-Morozevich,A (2675) Biel 2017}) 16. Nf1 Nb6 17. Ne3 {[%emt 0:02:27] [#]} Qc7 $146 ({Predecessor:} 17... Rc8 18. Bd2 Nfd7 19. a4 Rb8 20. Qe2 Nc8 21. Red1 bxc4 22. bxc4 Ne7 23. Rab1 Qc7 {1-0 (48) Szelag,M (2441)-Pakleza,Z (2506) Poland 2016}) 18. Bd2 Nbd7 19. Bb1 Rec8 20. Qc2 bxc4 21. bxc4 a5 22. a4 g6 23. Ra3 Bg7 $11 24. Nh2 Qd8 25. Qd1 h5 26. Nhf1 cxd5 27. exd5 Ba6 28. Rc3 Nc5 29. Ng3 h4 30. Ngf1 Nfe4 31. Ra3 Nxd2 32. Nxd2 Rab8 33. Qg4 Rb4 34. Nf3 Rcb8 35. Bc2 e4 36. Ng5 Bxc4 37. Qxh4 Bd3 38. Bxd3 exd3 39. Ng4 d2 40. Rd1 Rb1 41. Ra1 Rxa1 42. Rxa1 Qe7 43. Rf1 Qe2 44. Nf6+ Kf8 45. Ngh7+ Ke7 46. Ng8+ Kd7 47. Ngf6+ Kc7 48. Qd4 Rh8 49. Qg4 Qxg4 50. hxg4 Rb8 51. Rd1 Rb2 52. Ne8+ Kb6 53. Nxd6 Rc2 54. Kf1 Nxa4 55. Ne4 Nc3 56. Nxc3 Bxc3 57. Ng5 a4 58. Ne4 Bb4 59. Ke2 a3 60. Rb1 Rb2 61. Ra1 a2 62. d6 Rb1 0-1

[Event "22nd Hoogeveen Open 2018"]
[Site "Hoogeveen"]
[Date "2018.10.27"]
[Round "9"]
[White "Achuthan, Dylan"]
[Black "De Vries, Emma"]
[Result "0-1"]
[ECO "A06"]
[WhiteElo "1751"]
[BlackElo "1905"]
[Annotator "NA"]
[PlyCount "50"]
[EventDate "2018.10.20"]
[EventType "swiss"]
[EventCountry "NED"]
[SourceTitle "playchess.com"]
[Source "ChessBase"]
[SourceQuality "1"]
[TimeControl "40/5400+30:1800+30"]

1. Nf3 Nf6 2. b3 d5 3. Bb2 e6 4. e3 Be7 {[%emt 0:00:30] LiveBook: 203 Games} 5. Be2 c5 6. O-O O-O 7. Ne5 {[%emt 0:01:54] A06: Réti Opening:1 Nf3 d5} (7. c4 Nc6 8. d4 dxc4 9. Bxc4 a6 10. dxc5 Bxc5 11. Nbd2 Be7 12. Nd4 Nxd4 13. Bxd4 b5 14. Be2 Bb7 15. Bf3 Bxf3 16. Nxf3 Nd5 {½-½ (16) Hernando Pertierra,J (2355)-Martin Duque,J (2376) San Sebastian 2017}) 7... Nbd7 8. f4 Ne4 9. d3 Nd6 10. c4 $146 {[%emt 0:18:04] [#]} (10. Bg4 $11) ({Predecessor:} 10. Nd2 Nf5 11. Rf3 d4 12. exd4 cxd4 13. Nxd7 Bxd7 14. Ne4 {1-0 (45) Borisek,A (1754)-Ristov,T (1937) Kranj 2008}) 10... Nf5 ({Better is} 10... Nxe5 $1 $17 11. Bxe5 Nf5) 11. Bc1 ({Better is} 11. Nxd7 $1 $15 Bxd7 12. Qd2) 11... Nxe5 12. fxe5 Bg5 13. Rf3 d4 14. e4 Ne3 15. Bxe3 Bxe3+ 16. Kh1 Qg5 17. Na3 Qxe5 18. Qf1 Bd7 19. Nc2 Bh6 20. Qf2 $19 Qg5 21. Rd1 f5 22. Rg3 fxe4 23. Qe1 Qf4 24. dxe4 Qxe4 25. Bf3 Qxc2 0-1